Unix NetHack Version 5.0.0-0 post-release - last build Jun 10 2026 00:39:30 (3ee93aec679c4c4259841fe613dc97188e26a321,branch:main).

Game began 2026-06-18 13:55:58, ended 2026-06-18 14:06:16.

GdeVolpiano, neutral male human Archeologist

                                --------------
                                ....@))...%...
                                |.<..N.. ....|
                                -----|--------

GdeVolpiano the Field Worker  St:13 Dx:11 Co:15 In:14 Wi:15 Ch:10  Neutral
Dlvl:4  $:1125 HP:0(35) Pw:21(21) AC:8  Xp:4 T:2883 

Latest messages:
 You kill the hobgoblin!
 y - a tiger eye ring.
 There is a hobgoblin corpse here; eat it? [ynq] (n)
 This hobgoblin corpse is fatty.
 You finish eating the hobgoblin corpse.
 Where do you want to travel to?
 (For instructions type a '?')
 You hear the chime of a cash register.
 You miss the shrieker.
 You lash the shrieker.
 You miss the shrieker.
 You lash the shrieker.
 You lash the shrieker.
 You lash the shrieker.
 You miss the shrieker.
 The shrieker shrieks.
 You miss the shrieker.
 You lash the shrieker.
 You miss the shrieker.
 You kill the shrieker!
 You see here a shrieker corpse.
 There is a shrieker corpse here; eat it? [ynq] (n)
 This shrieker corpse tastes okay.
 You finish eating the shrieker corpse.
 Where do you want to travel to?
 (For instructions type a '?')
 You find a hidden passage.
 That door is closed.
 The door resists!
 The door opens.
 You see here a fortune cookie.
 z - a fortune cookie.
 $ - 10 gold pieces (1125 in total).
 You descend the stairs.
 You climb up the stairs.
 You descend the stairs.
 You see here 2 daggers.
 A - 2 daggers.
 The guardian naga bites!
 You are frozen by the guardian naga!
 The guardian naga touches you!
 The guardian naga coils itself around you!
 The guardian naga bites!
 You are being crushed.
 The guardian naga bites!
 You are being crushed.
 The guardian naga bites!
 You are being crushed.
 You die...
 Do you want your possessions identified? [ynq] (y)

Inventory:
 Coins    ('$')
  $ - 1125 gold pieces
 Weapons  (')')
  A - 2 +0 daggers
  a - a +2 bullwhip (weapon in right hand)
 Armor    ('[')
  c - an uncursed +0 fedora (being worn)
  b - an uncursed +0 leather jacket
  u - an uncursed +0 orcish ring mail (being worn)
 Comestibles  ('%')
  j - a cursed cream pie
  d - 4 uncursed food rations
  z - an uncursed fortune cookie
  t - an uncursed lembas wafer
  p - an uncursed lichen corpse
 Scrolls  ('?')
  q - an uncursed scroll of enchant weapon
 Potions  ('!')
  o - an uncursed potion of gain energy
  s - an uncursed potion of sickness
 Rings    ('=')
  y - an uncursed ring of levitation
 Tools    ('(')
  h - an uncursed sack containing 1 item
  w - an uncursed magic whistle
  k - an uncursed tin opener
  f - a tinning kit (0:47)
 Gems/Stones  ('*')
  g - an uncursed touchstone

Contents of the sack:
  a +0 pick-axe

GdeVolpiano the Archeologist's attributes:

Background:
 You were a Field Worker, a level 4 male human Archeologist.
 You were neutral, nominally on a mission for Camaxtli
 who was opposed by Quetzalcoatl (lawful) and Huhetotl (chaotic).
 You were right-handed.
 You were in the Dungeons of Doom, on level 4.
 You entered the dungeon 2883 turns ago.
 You had 124 experience points, 36 more were needed to attain level 5.

Basics:
 You had 0 out of 35 hit points.
 You had all 21 energy points (spell power).
 Your armor class was 8.
 Your wallet contained 1125 zorkmids.
 Autopickup was on for '$?!/="+' plus thrown, with exceptions.

Final Characteristics:
 Your strength was 13 (limit:18/100).
 Your dexterity was 11 (limit:18).
 Your constitution was 15 (limit:18).
 Your intelligence was 14 (limit:18).
 Your wisdom was 15 (limit:18).
 Your charisma was 10 (limit:18).

Final Status:
 You were held by a guardian naga (southeast).
 You weren't hungry.
 You were unencumbered.
 You were wielding a whip.
 You had basic skill with whip.

Final Attributes:
 You were piously aligned.
 You had automatic searching.
 You were warded.
 You were lucky.
 You are dead.

Miscellaneous:
 You encountered 1 bones level.
 Total elapsed playing time was 10 minutes and 17 seconds.

Major events:
 Turn
    1: GdeVolpiano the neutral male human Archeologist entered the dungeon
 1378: attained the rank of Field Worker (level 3)
 2883: killed by a guardian naga, while paralyzed

You didn't know any spells.

Skills:
 Fighting Skills
   bare handed combat [Unskilled]
   two weapon combat  [Unskilled]
   riding             [Unskilled]
 Weapon Skills
   dagger             [Unskilled]
   knife              [Unskilled]
   pick-axe           [Basic]
   short sword        [Unskilled]
   saber              [Unskilled]
   club               [Unskilled]
   quarterstaff       [Unskilled]
   sling              [Unskilled]
   dart               [Unskilled]
   boomerang          [Unskilled]
   whip               [Basic]
   unicorn horn       [Unskilled]
 Spellcasting Skills
   attack spells      [Unskilled]
   healing spells     [Unskilled]
   divination spells  [Unskilled]
   matter spells      [Unskilled]

Voluntary challenges:
 Character rerolling was not enabled.
 You were an atheist.
 You never genocided any monsters.
 You never polymorphed an object.
 You never changed form.
 You used no wishes.
Achievements:
 You attained the rank of Field Worker.
 You entered a shop.

 The Dungeons of Doom: levels 1 to 4
    Level 1:
    Level 2:
    Level 3:
       A general store, many fountains, a sink.
    Level 4: <- You were here.
       A grave.
       Final resting place for
          you, killed by a guardian naga, while paralyzed,
          jvanheel-Rog-Hum-Mal-Cha, killed by a guardian naga, while paralyzed.


Vanquished creatures:
  a shrieker
  a little dog
  a homunculus
  a giant bat
 an iguana
  a hobgoblin
  3 giant rats
  a cave spider
  a red mold
  2 geckos
  7 jackals
  a fox
  a kobold
  3 goblins
  3 sewer rats
 10 grid bugs
  a bat
  5 lichens
  6 newts
50 creatures vanquished.

No species were genocided or became extinct.

Game over:
                       ----------
                      /          \
                     /    REST    \
                    /      IN      \
                   /     PEACE      \
                  /                  \
                  |   GdeVolpiano    |
                  |     1125 Au      |
                  |   killed by a    |
                  |  guardian naga   |
                  |                  |
                  |                  |
                  |       2026       |
                 *|     *  *  *      | *
        _________)/\\_//(\/(/\)/\//\/|_)_______

Goodbye GdeVolpiano the Archeologist...

You died in The Dungeons of Doom on dungeon level 4 with 1659 points,
and 1125 pieces of gold, after 2883 moves.
You were level 4 with a maximum of 35 hit points when you died.

